 Dungeon Crawl Stone Soup version 0.24.0-2-g5b39cebb1c (webtiles) character file.

Game seed: 6244237754883667288, levelgen mode: deterministic

75 Dragon00 the Chopper (level 4, -3/61 HPs)
             Began as a Minotaur Berserker on Oct 29, 2019.
             Was a Believer of Trog.
             Slain by a scorpion (6 damage)
             ... on level 2 of the Dungeon.
             The game lasted 00:03:36 (588 turns).

Dragon00 the Chopper (Minotaur Berserker)            Turns: 588, Time: 00:03:39

Health: -3/61      AC:  1    Str: 27    XL:     4   Next: 11%
Magic:  3/3        EV: 12    Int:  4    God:    Trog [**....]
Gold:   75         SH:  0    Dex: 10    Spells: 3/3 levels left

rFire    . . .     SeeInvis .   a - +0 hand axe
rCold    . . .     Gourm    .   (no shield)
rNeg     . . .     Faith    .   (no armour)
rPois    .         Spirit   .   (helmet restricted)
rElec    .         Reflect  .   (no cloak)
rCorr    .         Harm     .   (no gloves)
MR       .....                  j - +0 pair of boots
Stlth    ..........             (no amulet)
HPRegen  0.20/turn              (no ring)
MPRegen  0.08/turn              (no ring)

@: berserking, lethally poisoned (-3 -> -9), very quick
A: retaliatory headbutt, horns 2
a: Berserk, Trog's Hand, Renounce Religion


You were on level 2 of the Dungeon.
You worshipped Trog.
Trog was pleased with you.
You were not hungry.

You visited 1 branch of the dungeon, and saw 2 of its levels.

You collected 75 gold pieces.

Inventory:

Hand Weapons
 a - a +0 hand axe (weapon)
Armour
 e - a +0 ring mail
 j - a +0 pair of boots (worn)
 o - a +0 scale mail
Scrolls
 d - a scroll of immolation {unknown}
 f - 2 scrolls of teleportation {unknown}
 h - a scroll of remove curse {unknown}
 l - a scroll of identify {unknown}
 m - a scroll of enchant weapon {unknown}
Potions
 b - 2 potions of curing {unknown}
 g - 2 potions of ambrosia {unknown}
 i - a potion of invisibility {unknown}
 k - a potion of might {unknown}
Comestibles
 c - 3 rations
 n - 2 chunks of flesh


   Skills:
 + Level 4.6 Fighting
 + Level 4.8 Axes
 + Level 2.6 Armour
 + Level 2.6 Dodging
 + Level 0.1 Unarmed Combat


You had 3 spell levels left.
You didn't know any spells.
Your spell library was empty.

Dungeon Overview and Level Annotations

Branches:
Dungeon (2/15)

Altars:


Innate Abilities, Weirdness & Mutations

You reflexively headbutt those who attack you in melee.
You have a pair of horns on your head.


Message History

You hit the hobgoblin but do no damage. The hobgoblin closely misses you.
You furiously retaliate!
You headbutt the hobgoblin.
A red film seems to cover your vision as you go berserk!
You feel yourself moving faster!
You feel mighty!
You feel a lot more hungry. The hobgoblin closely misses you.
The scorpion stings you.
* * * LOW HITPOINT WARNING * * *
You are lethally poisoned!
The scorpion poisons you!
You barely miss the hobgoblin. Your headbutt misses the hobgoblin.
The hobgoblin is heavily wounded.
You closely miss the scorpion.
* * * LOW HITPOINT WARNING * * *
You feel sick. The hobgoblin barely misses you.
You hit the hobgoblin.
You kill the hobgoblin!
Trog accepts your kill.
You hit the scorpion.
* * * LOW HITPOINT WARNING * * *
You feel sick. The scorpion stings you.
You die...

.s #.......# ...
#...##### ....
#...# ..... #...# .
......###.†.###.#
#......((†()...##
##.#####.(.........
###s#..####...
#..@......# #
#..(...#..#
#...........
#.....###.##
#...... .. #......#
#....... #........


You could see a scorpion.

Vanquished Creatures
  An orc priest (D:2)
  2 dart slugs
  A leopard gecko (D:2)
  4 orcs (D:2)
  A ball python (D:2)
  2 bats (D:1)
  A goblin (D:1)
  4 hobgoblins
  7 jackals (D:2)
  5 frilled lizards
  4 kobolds (D:1)
  3 rats (D:1)
35 creatures vanquished.

Notes
Turn   | Place    | Note
-------+----------+-------------------------------------------
     0 | D:1      | Dragon00 the Minotaur Berserker began the quest for the
                  | Orb.
     0 | D:1      | Reached XP level 1. HP: 19/19 MP: 0/0
   180 | D:1      | Reached XP level 2. HP: 27/27 MP: 1/1
   516 | D:2      | Reached XP level 3. HP: 29/33 MP: 2/2
   550 | D:2      | Reached ** piety under Trog
   561 | D:2      | Reached XP level 4. HP: 15/41 MP: 3/3
   588 | D:2      | HP: 3/61 [poisoned by a scorpion]
   588 | D:2      | Slain by a scorpion

Levels and vault maps discovered:
D:1:      scummos_arrival_simple_crosswalls, layout_basic
D:2:      layout_basic

Skill      XL: |  1  2 |
---------------+-------+-----
Fighting       | 4 |  4.6
Axes           | 4 |  4.8
Armour         | |  2.6
Dodging        | |  2.6
Unarmed Combat | |  0.1

Action                   |  1- 3 |  4- 6 || total
-------------------------+-------+-------++-------
Melee: Hand axe          |    54 |     5 ||    59
       Headbutt          |     7 |       ||     7
       Unarmed           |     5 |       ||     5
Invok: Berserk           |       |     1 ||     1
Armor: Ring mail         |    26 |     2 ||    28
       Animal skin       |     1 |       ||     1
Dodge: Dodged            |    47 |     8 ||    55
